 Dungeon Crawl Stone Soup version 0.21.1-1-g345015f (webtiles) character file.

4 tidbits the Charmwright (level 1, -5/20 HPs)
             Began as a Gnoll Skald on June 18, 2018.
             Slain by an ogre
             ... wielding a +0 giant club
              (25 damage)
             ... on level 2 of the Dungeon.
             The game lasted 00:01:31 (181 turns).

tidbits the Charmwright (Gnoll Skald)                Turns: 181, Time: 00:01:32

Health: -5/20      AC:  3    Str: 13    XL:     1   Next: 70%
Magic:  4/6        EV: 14    Int: 15    God:
Gold:   0          SH:  0    Dex: 14    Spells: 8/9 levels left

rFire    . . .     SeeInvis .   a - +0 hand axe
rCold    . . .     Gourm    .   (no shield)
rNeg     . . .     Faith    .   b - +0 leather armour
rPois    .         Spirit   .   (no helmet)
rElec    .         Reflect  .   (no cloak)
rCorr    .         Harm     .   (no gloves)
MR       .....                  (no boots)
Stlth    +.........             (no amulet)
HPRegen  0.06/turn              (no ring)
MPRegen  0.10/turn              (no ring)

@: infused
A: distributed training, fangs 1, strong nose
a: no special abilities


You were on level 2 of the Dungeon.
You were not hungry.

You visited 1 branch of the dungeon, and saw 2 of its levels.

Inventory:

Hand Weapons
 a - a +0 hand axe (weapon)
Missiles
 e - 6 javelins (quivered)
Armour
 b - a +0 leather armour (worn)
Scrolls
 f - a scroll of enchant weapon {unknown}
 h - a scroll of immolation {unknown}
 j - a scroll of blinking {unknown}
Potions
 g - 2 potions of ambrosia {unknown}
 i - a potion of berserk rage {unknown}
Books
 c - a book of Battle

   Spells                             Type                      Level
   a - Infusion                       Charms                       1
   b - Shroud of Golubria             Charms/Translocation         2
   c - Song of Slaying                Charms                       2
   d - Spectral Weapon                Hexes/Charms                 3
   e - Regeneration                   Charms/Necromancy            3
Comestibles
 d - a ration


   Skills:
 + Level 4.4 Fighting
 + Level 0.1 Short Blades
 + Level 0.1 Long Blades
 + Level 4.4 Axes
 + Level 0.1 Maces & Flails
 + Level 0.1 Polearms
 + Level 0.1 Staves
 + Level 0.1 Slings
 + Level 0.1 Bows
 + Level 0.1 Crossbows
 + Level 0.1 Throwing
 + Level 2.4 Armour
 + Level 4.4 Dodging
 + Level 0.1 Stealth
 + Level 0.1 Shields
 + Level 0.1 Unarmed Combat
 + Level 4.9 Spellcasting
 + Level 0.1 Conjurations
 + Level 0.1 Hexes
 + Level 5.3 Charms
 + Level 0.1 Summonings
 + Level 0.1 Necromancy
 + Level 0.1 Translocations
 + Level 0.1 Transmutations
 + Level 0.1 Fire Magic
 + Level 0.1 Ice Magic
 + Level 0.1 Air Magic
 + Level 0.1 Earth Magic
 + Level 0.1 Poison Magic
 + Level 0.2 Invocations
 + Level 0.1 Evocations


You had 8 spell levels left.
You knew the following spells:

 Your Spells              Type           Power        Failure   Level  Hunger
i - Infusion              Chrm           ###.         2%          1    None


Dungeon Overview and Level Annotations

Branches:
Dungeon (2/15)

Altars:


Innate Abilities, Weirdness & Mutations

Your experience applies equally to all skills.
You have very sharp teeth.
Your uncanny sense of smell can sniff out nearby items.


Message History

Will you be the one to retrieve the fabulous Orb of Zot from the depths?
Press ? for a list of commands and other information.
Found 14 gold pieces and 6 javelins.
Found a staircase leading out of the dungeon.
You open the door.
There is an open door here.
A rat comes into view.
As you open the door, it creaks loudly!
Casting: Infusion
Confirm with . or Enter, or press ? or * to list all spells.
You begin infusing your attacks with magical energy.
You barely miss the rat. The rat misses you.
A giant cockroach comes into view.
You hit the rat.
You kill the rat!
You see here a rat corpse.
You see here 6 javelins.
e - 6 javelins The giant cockroach barely misses you.
You hit the giant cockroach.
The giant cockroach is severely wounded.
The giant cockroach bites you.
You hit the giant cockroach!
You kill the giant cockroach!
Found a scroll labeled CIAFUO VADOKUNG.
Your magical infusion is running out.
You see here a scroll labeled CIAFUO VADOKUNG.
f - a scroll labeled CIAFUO VADOKUNG
Found a green potion.
You are no longer magically infusing your attacks.
Found 2 smoky blue potions.
You see here 2 smoky blue potions.
g - 2 smoky blue potions
Found a scroll labeled DIS LOINUCVE.
You see here a scroll labeled DIS LOINUCVE.
h - a scroll labeled DIS LOINUCVE You open the door.
There is an open door here.
You open the door.
There is an open door here.
Found a stone staircase leading down.
You see here a green potion.
i - a green potion
There is a stone staircase leading down here.
You climb downwards.
Found a stone staircase leading up.
There is a stone staircase leading up here.
A bat comes into view.
Found an escape hatch in the ceiling.
There is a stone staircase leading up here.
Casting: Infusion
Confirm with . or Enter, or press ? or * to list all spells.
You begin infusing your attacks with magical energy.
You barely miss the bat. The bat barely misses you.
You slash the bat!
You kill the bat!
You climb upwards.
Found a hunting sling.
There is a stone staircase leading down here.
Unknown command.
You climb downwards.
There is a stone staircase leading up here.
Unknown command.
A quokka comes into view.
You miss the quokka. The quokka barely misses you.
You hit the quokka.
The quokka is almost dead.
The quokka bites you but does no damage.
You hit the quokka!
You kill the quokka!
Your magical infusion is running out.
Found a stone staircase leading up.
You are no longer magically infusing your attacks.
There is a stone staircase leading up here.
You climb upwards.
There is a stone staircase leading down here.
Unknown command.
Found 15 gold pieces.
Found a ration.
There is a stone staircase leading down here.
You climb downwards.
There is a stone staircase leading up here.
Unknown command.
Magic restored.
Found 24 stones and a scroll labeled MENKOREAMUF.
You see here 24 stones.
You see here a scroll labeled MENKOREAMUF.
j - a scroll labeled MENKOREAMUF An ogre comes into view.
It is wielding a giant club.
The ogre shouts!
Unknown command.
Casting: Infusion
Confirm with . or Enter, or press ? or * to list all spells.
You begin infusing your attacks with magical energy.
Okay, then.
You hit the ogre! You bite the ogre, but do no damage.
The ogre is moderately wounded.
The ogre hits you with a giant club!!
Ouch! That really hurt!
You die...

#.#. #.#.##
..... ....
###..## ##
.....
.#...#.O##
.......@.#
##...###.#
## #.# # #.#
.#
#.####.##..#
#..........#
######.###.#
#.# #.#


You could see an ogre.

Vanquished Creatures
  A bat (D:2)
  A giant cockroach (D:1)
  A quokka (D:2)
  A rat (D:1)
4 creatures vanquished.

Vanquished Creatures (others)
  A giant cockroach (D:2)
  A frilled lizard (D:2)
2 creatures vanquished.

Grand Total: 6 creatures vanquished

Notes
Turn   | Place    | Note
-------+----------+-------------------------------------------
     0 | D:1      | tidbits the Gnoll Skald began the quest for the Orb.
     0 | D:1      | Reached XP level 1. HP: 20/20 MP: 6/6
   177 | D:2      | Noticed an ogre
   181 | D:2      | Slain by an ogre

Action                   || total
-------------------------++-------
Melee: Hand axe          ||    10
       Bite              ||     1
 Cast: Infusion          ||     3
Armor: Leather armour    ||     1
Dodge: Dodged            ||     4

Table legend:
 A = Turns spent in this place as a percentage of turns spent in the entire game.
 B = Non-inter-level travel turns spent in this place as a percentage of non-inter-level travel turns spent in the entire game.
 C = Inter-level travel turns spent in this place as a percentage of turns spent in this place.
 D = Turns resting spent in this place as a percentage of non-inter-level travel turns spent in this place.
 E = Turns spent auto-exploring this place as a percentage of non-inter-level travel turns spent in this place.
 F = Non-inter-level travel turns spent in this place divided by the number of levels of this place that you've seen.
                   A       B       C       D       E      F
               +-------+-------+-------+-------+-------+----------------------
         Total | 100.0 | 100.0 |   0.0 |   0.0 |   0.0 |  90.5
       Dungeon | 100.0 | 100.0 |   0.0 |   0.0 |   0.0 |  90.5
               +-------+-------+-------+-------+-------+----------------------

Table legend:
 A = Kills in this place as a percentage of kills in entire the game.
 B = Kills by you in this place as a percentage of kills by you in the entire game.
 C = Kills by friends in this place as a percentage of kills by friends in the entire game.
 D = Other kills in this place as a percentage of other kills in the entire game.
 E = Experience gained in this place as a percentage of experience gained in the entire game.
 F = Experience gained in this place divided by the number of levels of this place that you have seen.
                   A       B       C       D       E      F
               +-------+-------+-------+-------+-------+----------------------
         Total | 100.0 | 100.0 |   N/A |   N/A | 100.0 |   3.5
       Dungeon | 100.0 | 100.0 |   N/A |   N/A | 100.0 |   3.5
               +-------+-------+-------+-------+-------+----------------------

Vault maps used:
D:1:      dpeg_arrival_rooms_with_view
D:2:      grunt_temple_overflow_growth_and_decay, lemuel_flame_loot_1
